 Dungeon Crawl Stone Soup version 0.29-a0-317-gd16b76e6b1 (webtiles) character file.

Game seed: 16130002834620959586

3163 Dabor the Jinx (level 9, -9/85 HPs)
             Began as an Ogre Arcane Marksman on Mar 31, 2022.
             Was a Priest of Okawaru.
             Killed by divine providence
             ... invoked by an orc priest
              (11 damage)
             ... on level 8 of the Dungeon.
             The game lasted 00:24:22 (7885 turns).

Dabor the Jinx (Ogre Arcane Marksman)               Turns: 7885, Time: 00:24:22

Health: -9/85      AC:  4    Str: 20    XL:     9   Next: 94%
Magic:  16/16      EV: 10    Int: 20    God:    Okawaru [***...]
Gold:   239        SH:  0    Dex: 11    Spells: 9/17 levels left

rFire   + . .      SeeInvis .   h - +4 mace
rCold   . . .      Faith    .   (no shield)
rNeg    . . .      Spirit   .   J - +0 robe {rF+}
rPois   +          Reflect  .   (helmet restricted)
rElec   +          Harm     .   x - +0 cloak
rCorr   .          Rampage  .   (gloves unavailable)
Will    .....      Clarity  +   (boots unavailable)
Stlth   +.........              g - amulet of regeneration
HPRegen 1.04/turn               H - +6 ring of intelligence
MPRegen 0.15/turn               w - ring of wizardry

@: portalling projectiles
A: large, unfitting armour, tough skin 1, fangs 1, horns 1, clarity, mutation
resistance 1, poison resistance, electricity resistance, strong 1
a: Renounce Religion, Heroism


You were on level 8 of the Dungeon.
You worshipped Okawaru.
Okawaru was most pleased with you.
You visited 2 branches of the dungeon, and saw 9 of its levels.

You collected 435 gold pieces.
You spent 196 gold pieces at shops.

Inventory:

Hand Weapons
 a - a +0 hunting sling of freezing
 h - a +4 mace (weapon)
Missiles
 e - 230 stones
 F - a throwing net
 M - 8 poisoned darts (quivered)
 S - 6 curare-tipped darts
Armour
 x - a +0 cloak (worn)
 J - a +0 robe of fire resistance (worn)
Jewellery
 g - an amulet of regeneration (around neck)
 n - a ring of magical power
 o - a ring of resist corrosion
 w - a ring of wizardry (right hand)
 A - a ring of wizardry
 H - a +6 ring of intelligence (left hand)
 N - a ring of flight
Wands
 f - a wand of polymorph (14)
 E - a wand of flame (20)
Scrolls
 b - a scroll of holy word {unknown}
 c - 2 scrolls of vulnerability
 s - 3 scrolls of noise
 u - 2 scrolls of teleportation
 z - a scroll of torment
 C - 2 scrolls of identify
 D - 2 scrolls of fog
 G - a scroll of enchant weapon {unknown}
 I - a scroll of immolation {unknown}
 L - 2 scrolls of blinking
 O - a scroll of summoning {unknown}
 P - a scroll of magic mapping {unknown}
Potions
 d - a potion of mutation {unknown}
 i - 4 potions of lignification {unknown}
 j - 2 potions of flight {unknown}
 l - 2 potions of cancellation {unknown}
 m - 3 potions of attraction {unknown}
 q - 4 potions of degeneration {unknown}
 r - a potion of invisibility {unknown}
 B - 3 potions of brilliance {unknown}
 Q - a potion of resistance {unknown}
 U - 2 potions of haste {unknown}


   Skills:
 + Level 4.3 Fighting
 - Level 1.7(3.2) Slings
 + Level 5.5(5.8) Throwing
 + Level 3.5 Dodging
 + Level 4.9 Spellcasting
 - Level 8.4 Hexes
 - Level 3.6 Translocations
 + Level 2.9 Invocations
 + Level 1.2 Evocations


You had 9 spell levels left.
You knew the following spells:

 Your Spells              Type           Power      Damage    Failure   Level
a - Slow                  Hex            100%       N/A       1%          1
b - Portal Projectile     Hex/Tloc       58%        N/A       1%          3
c - Cause Fear            Hex            19%        N/A       1%          4

Your spell library contained the following spells:

 Spells                   Type           Power      Damage    Failure   Level
 Apportation              Tloc           38%        N/A       1%          1
 Inner Flame              Hex/Fire       21%        N/A       2%          3
 Magic Dart               Conj           16%        1d3       4%          1
 Scorch                   Fire           8%         2d5       8%          2
 Searing Ray              Conj           8%         2d4       8%          2
 Fulminant Prism          Conj/Hex       10%        3d9       9%          4
 Flame Wave               Conj/Fire      4%         2d5       41%         4
 Animate Skeleton         Necr           Unusable   N/A       N/A         1
 Summon Small Mammal      Summ           Unusable   N/A       N/A         1
 Summon Cactus Giant      Summ           Unusable   N/A       N/A         6

Dungeon Overview and Level Annotations

Branches:
Dungeon (8/15)             Temple (1/1) D:6
   Lair: D:8-11

Altars:
Cheibriados
Dithmenos
Fedhas
Hepliaklqana
Makhleb
Nemelex Xobeh
Okawaru
Ru
Sif Muna
Trog
Uskayaw
Vehumet
Xom
Zin
The Shining One

Shops:
D:1 *   D:6 !


Innate Abilities, Weirdness & Mutations

You are too large for most types of armour.
You have tough skin. (AC +1)
You have very sharp teeth.
You have a pair of small horns on your head.
You possess an exceptional clarity of mind.
You are somewhat resistant to further mutation.
Your system is resistant to poisons. (rPois)
You are resistant to electric shocks. (rElec)
Your muscles are strong. (Str +2)


Message History

The orc warrior hits you with a +0 long sword!
Throw: 10 darts (poison)
Press: ? - help, Q - select action, (/) - cycle Shift-Dir - straight line, f/p - orc priest
Aim: an orc priest, wielding a +0 short sword (moderately wounded, 64% to hit)
You magically throw a poisoned dart.
The poisoned dart hits the orc priest!
The orc priest is poisoned.
The orc priest is moderately wounded.
The orc warrior hits you with a +0 long sword.
Throw: 9 darts (poison)
Press: ? - help, Q - select action, (/) - cycle Shift-Dir - straight line, f/p - orc priest
Aim: an orc priest, wielding a +0 short sword (moderately wounded, very poisoned, 64% to hit)
You magically throw a poisoned dart.
The poisoned dart barely misses the orc priest.
You are confused.
You feel invigorated.
The orc warrior hits you with a +0 long sword!
* * * LOW HITPOINT WARNING * * *
The orc priest calls upon Beogh to heal the orc priest.
The orc priest's wounds heal themselves!
The orc warrior attacks as you move away!
The orc warrior barely misses you.
The orc priest begins to cast a cantrip, but forgets the words!
The orc priest looks encouraged for a moment.
The orc warrior closely misses you.
The orc priest hits you with a +0 short sword.
The orc priest looks braver for a moment.
You feel less invigorated.
You feel less confused.
The orc priest invokes the aid of Beogh against you.
Beogh smites you!
The orc priest mumbles some strange prayers to Beogh against you.
Beogh smites you!
* * * LOW HITPOINT WARNING * * *
The orc warrior attacks as you move away!
The orc warrior hits you with a +0 long sword!!
* * * LOW HITPOINT WARNING * * *
The orc priest looks more healthy.
The orc priest calls down the wrath of Beogh upon you.
Beogh smites you!
You die...

#.########.###..######## #.#
#....##..# #
######)######....##..# #
#...........#....##..#####
#...........#....##......#
#...........#....##...##.####
#...........#....##..........
#...........#....##..........
#...........@................
#...........#o...##.#.#..####
#...........#....##..........
#...........#..o.####.#..###
######.#.####....# .#..# #
#.#.# ###o## .# ... . #.#.#
#.# .# .## . ..#.# #(# .
#.(...... .


You could see an orc warrior and 2 orc priests.

Vanquished Creatures
  A manticore (D:8)
  Sigmund (D:3)
  Duvessa (D:6)
  2 water moccasins (D:7)
  A black bear (D:7)
  A sky beast (D:5)
  An orc warrior (D:7)
  2 ogres
  2 centaurs (D:8)
  A phantom (D:4)
  A kobold brigand (D:7)
  A necrophage (D:6)
  3 bullfrogs
  A gnoll sergeant (D:8)
  2 scorpions
  Dowan (D:6)
  8 wights (D:8)
  A crimson imp (D:4)
  3 hounds
  3 orc priests
  A jelly (D:5)
  Jessica (D:3)
  An iguana (D:5)
  Terence (D:6)
  4 orc wizards
  Robin (D:2)
  5 gnolls (D:8)
  7 adders
  5 white imps
  2 ufetubi
  4 worms
  A dart slug (D:2)
  16 orcs
  7 ball pythons
  4 endoplasms
  3 giant cockroaches
  11 goblins
  8 hobgoblins
  4 jackals (D:1)
  3 quokkas
  3 bats
  3 frilled lizards
  11 kobolds
  2 rats
145 creatures vanquished.

Vanquished Creatures (others)
  2 plants (D:1)
2 creatures vanquished.

Grand Total: 147 creatures vanquished

Notes
Turn   | Place    | Note
-------+----------+-------------------------------------------
     0 | D:1      | Dabor the Ogre Arcane Marksman began the quest for the Orb.
     0 | D:1      | Reached XP level 1. HP: 19/19 MP: 2/2
   312 | D:1      | Reached XP level 2. HP: 25/28 MP: 4/4
   474 | D:1      | Found Hipel's Assorted Antiques.
   484 | D:1      | Bought a scroll labelled ZIL XADUXOGO for 26 gold pieces
   801 | D:2      | Reached XP level 3. HP: 35/35 MP: 5/5
   810 | D:2      | Noticed Robin
   839 | D:1      | Reached skill level 3 in Hexes
   920 | D:2      | Learned a level 3 spell: Portal Projectile
   962 | D:2      | HP: 1/35 [goblin/+0 club[Robin] (3)]
  1211 | D:2      | Found a faded altar of an unknown god.
  1225 | D:2      | Prayed at the altar of an unknown god.
  1225 | D:2      | Became a worshipper of Xom of Chaos
  1297 | D:2      | XOM: smoke on damage
  1347 | D:2      | Killed Robin
  1491 | D:2      | XOM: divination: magic mapping
  1586 | D:3      | Reached XP level 4. HP: 42/42 MP: 7/7
  1603 | D:3      | Reached skill level 1 in Translocations
  1610 | D:3      | Noticed Terence
  1637 | D:3      | Noticed Jessica
  1637 | D:3      | XOM: potion effect (haste)
  1694 | D:3      | XOM: noise
  1696 | D:3      | Killed Jessica
  2137 | D:3      | Noticed Sigmund
  2137 | D:3      | XOM: divination: detect creatures
  2177 | D:3      | Killed Sigmund
  2178 | D:3      | Reached XP level 5. HP: 21/49 MP: 9/9
  2178 | D:3      | Reached XP level 6. HP: 24/57 MP: 10/10
  2363 | D:4      | XOM: potion effect (invisibility)
  2997 | D:4      | Reached skill level 4 in Hexes
  3281 | D:5      | Entered Level 5 of the Dungeon
  3289 | D:4      | Reached skill level 1 in Throwing
  3358 | D:5      | Reached XP level 7. HP: 45/65 MP: 12/12
  3510 | D:5      | Found a radiant altar of Vehumet.
  3623 | D:5      | XOM: smoke on damage
  4083 | D:5      | XOM: give mutation
  4083 | D:5      | Gained mutation: You have very sharp teeth. [Xom's grace]
  4388 | D:5      | XOM: god gift: long gold wand {god gift}
  4417 | D:6      | Found Dyeriats's Distillery.
  4422 | D:6      | Bought a potion of heal wounds for 50 gold pieces
  4422 | D:6      | Bought a potion of might for 40 gold pieces
  4422 | D:6      | Bought a potion of heal wounds for 50 gold pieces
  4422 | D:6      | Bought a potion of curing for 30 gold pieces
  4526 | D:6      | Learned a level 4 spell: Cause Fear
  4534 | D:6      | XOM: give mutations
  4534 | D:6      | Gained mutation: You are resistant to electric shocks.
                  | (rElec) [Xom's grace]
  4534 | D:6      | Gained mutation: You possess an exceptional clarity of
                  | mind. [Xom's grace]
  4534 | D:6      | Gained mutation: You have a pair of small horns on your
                  | head. [Xom's grace]
  4534 | D:6      | Gained mutation: You are somewhat resistant to further
                  | mutation. [Xom's grace]
  4541 | D:6      | XOM: give mutations
  4541 | D:6      | Gained mutation: Your muscles are strong. (Str +2) [Xom's
                  | grace]
  4541 | D:6      | Gained mutation: Your system is resistant to poisons.
                  | (rPois) [Xom's grace]
  4659 | D:6      | Killed Terence
  4682 | D:6      | XOM: cloud trail
  4826 | D:6      | Reached XP level 8. HP: 61/72 MP: 13/13
  4843 | D:6      | Noticed Duvessa
  4843 | D:6      | Noticed Dowan
  4843 | D:6      | XOM: 3-stop teleportation journey
  5036 | D:6      | Reached skill level 5 in Hexes
  5121 | D:6      | XOM: cloud trail
  5173 | D:6      | Found a staircase to the Ecumenical Temple.
  5398 | Temple   | Entered the Ecumenical Temple
  5401 | Temple   | Fell from the grace of Xom
  5401 | Temple   | Became a worshipper of Warmaster Okawaru
  5587 | D:6      | XOM: enchant monster (bad)
  5589 | D:6      | Killed Duvessa
  5590 | D:6      | Reached skill level 6 in Hexes
  5592 | D:6      | Killed Dowan
  5713 | D:7      | XOM: god gift: pearl ring {god gift}
  6125 | D:7      | Reached skill level 7 in Hexes
  6279 | D:7      | Reached * piety under Okawaru
  6699 | D:7      | Reached skill level 8 in Hexes
  6699 | D:7      | Reached XP level 9. HP: 70/79 MP: 12/14
  6729 | D:7      | XOM: stat loss: -2 Dex (9/11)
  7270 | D:8      | Reached ** piety under Okawaru
  7271 | D:8      | Reached skill level 1 in Invocations
  7328 | D:8      | Reached skill level 5 in Throwing
  7361 | D:8      | HP: 1/65 [wight/+0 halberd (4)]
  7568 | D:8      | XOM: 3-stop teleportation journey
  7578 | D:8      | Noticed a manticore
  7597 | D:8      | Killed a manticore
  7597 | D:8      | Reached *** piety under Okawaru
  7598 | D:8      | Reached skill level 1 in Evocations
  7885 | D:8      | HP: 1/85 [orc warrior/+0 long sword (21)]
  7885 | D:8      | Killed from afar by an orc priest

Illustrated notes

Levels and vault maps discovered:
D:1:      lightli_arrival_statuegarden, layout_rooms, serial_shops,
          nicolae_shop_statue_plus, serial_forest, infiniplex_forest_clump_long,
          infiniplex_forest_clump_double, infiniplex_forest_straight_2,
          infiniplex_forest_straight_2, infiniplex_forest_lined_room_,
          infiniplex_forest_zigzag_1, infiniplex_forest_lined_ring,
          infiniplex_forest_fountain, infiniplex_forest_side_room
D:2:      layout_rooms, hellmonk_ecumenical_altar_lost_god, uniq_robin
D:3:      layout_rooms, corexii_item_surrounded_by_moat, uniq_sigmund,
          uniq_jessica, uniq_terence
D:4:      layout_cave_pools, minmay_fire_ice_demons
D:5:      layout_basic, vehumet_altar_wand_db
D:6:      layout_gridville, minmay_temple_entry_poolview, serial_shops, shop,
          uniq_duvessa
D:7:      layout_loops_corners, serial_glass, glass_columns_a, glass_columns_b,
          feat_on_display, minmay_strange_pillars, minmay_strange_pillars,
          minivault_10
D:8:      layout_basic
Temple:   dpeg_three_leaves_temple

Skill      XL: |  1  2  3  4  5  6  7  8  9 |
---------------+----------------------------+-----
Dodging        | 2 3 |  3.5
Fighting       | 2 4 |  4.3
Hexes          | 3 4 8 |  8.4
Spellcasting   | 2 3 4 |  4.9
Translocations | 3 |  3.6
Throwing       | 1 4 5 |  5.5
Invocations    | 2 |  2.9
Evocations     | 1 |  1.2
Slings         | |  1.7

Action                   |  1- 3 |  4- 6 |  7- 9 || total
-------------------------+-------+-------+-------++-------
Melee: Unarmed           |    22 |       |       ||    22
       Dagger            |       |     1 |     8 ||     9
       Club              |       |       |    85 ||    85
       Headbutt          |       |       |    15 ||    15
       Bite              |       |       |     8 ||     8
       Hunting sling     |       |       |     2 ||     2
       Punch             |       |       |     2 ||     2
       Mace              |       |       |    10 ||    10
 Fire: Hunting sling     |   139 |   192 |   262 ||   593
Throw: Boomerang         |    19 |    59 |    65 ||   143
       Dart              |       |       |    68 ||    68
       Stone             |       |       |    63 ||    63
       Throwing net      |       |       |     1 ||     1
 Cast: Slow              |     2 |    10 |    17 ||    29
       Cause Fear        |       |       |    15 ||    15
       Portal Projectile |       |       |     4 ||     4
Invok: Heroism           |       |       |     1 ||     1
Evoke: Wand              |       |       |    49 ||    49
  Use: Scroll            |     4 |       |     4 ||     8
       Potion            |     2 |     1 |    13 ||    16
Armor: Robe              |    46 |    50 |    98 ||   194
       Skin              |     9 |       |       ||     9
Dodge: Dodged            |    99 |    95 |   217 ||   411

Table legend: (Time is in decaauts)
 A = Elapsed time spent in this place.
 B = Non-inter-level travel time spent in this place.
 C = Inter-level travel time spent in this place.
 D = Time resting spent in this place.
 E = Time spent auto-exploring this place.
 F = Levels seen in this place.
 G = Mean time per level.
                   A        B        C        D        E       F      G
               +--------+--------+--------+--------+--------+-----+--------+
         Total |   8117 |   7547 |    570 |    515 |   4693 |   9 |  901.9 |
       Dungeon |   8110 |   7544 |    566 |    515 |   4693 |   8 | 1013.8 |
        Temple |      6 |      3 |      3 |      0 |      0 |   1 |    6.0 |
               +--------+--------+--------+--------+--------+-----+--------+

Top non-repeatable levels by time:
     D:7: 1486 daAuts
     D:6: 1275 daAuts
     D:5: 1166 daAuts
     D:1: 1082 daAuts
     D:3: 1042 daAuts
     D:8: 746 daAuts
     D:4: 721 daAuts
     D:2: 588 daAuts
  Temple: 6 daAuts
